 Dungeon Crawl Stone Soup version 0.19-a0-1090-g3c1ee9c (webtiles) character file.

588 Deemzul the Slasher (level 7, -1/49 HPs)
             Began as an Octopode Monk on Aug 7, 2016.
             Slain by Prince Ribbit (10 damage)
             ... on level 5 of the Dungeon.
             The game lasted 00:04:08 (4527 turns).

Deemzul the Slasher (Octopode Monk)                 Turns: 4527, Time: 00:04:08

Health: -1/49      AC:  1    Str: 11    XL:     7   Next: 38%
Magic:  7/7        EV: 16    Int: 12    God:
Gold:   215        SH:  0    Dex: 16    Spells: 0 memorised, 6 levels left

rFire  . . .     SeeInvis .     o - +0 long sword
rCold  . . .     Gourm    .     (no shield)
rNeg   . . .     Faith    .     (helmet restricted)
rPois  .         Spirit   .     (no amulet)
rElec  .         Dismiss  .     (no ring)
rCorr  .         Reflect  .     (no ring)
SustAt .         Harm     .     (no ring)
MR     .....                    (no ring)
Stlth  +++.......               (no ring)
                                (no ring)
                                (no ring)
                                (no ring)

@:
A: almost no armour, amphibious, 8 rings, constrict 8, camouflage 1, gelatinous
body 1
a: no special abilities


You were on level 5 of the Dungeon.
You were not hungry.

You visited 1 branch of the dungeon, and saw 5 of its levels.

You collected 215 gold pieces.

Inventory:

Hand Weapons
 a - a +0 falchion
 o - a +0 long sword (weapon)
 s - a cursed -2 spear
Jewellery
 m - a +2 ring of intelligence {unknown}
Scrolls
 c - 4 scrolls of enchant weapon {unknown}
 d - a scroll of noise {unknown}
 f - 3 scrolls of teleportation {unknown}
 g - 2 scrolls of remove curse {unknown}
 i - a scroll of blinking {unknown}
 j - 3 scrolls of identify {unknown}
 r - a scroll of recharging {unknown}
Potions
 e - a potion of might {unknown}
 k - a potion of magic {unknown}
 l - 2 potions of brilliance {unknown}
 n - a potion of heal wounds {unknown}
 q - a potion of cancellation {unknown}
 u - a potion of curing
 v - 2 potions of degeneration {unknown}
 w - a potion of berserk rage
Comestibles
 b - 3 bread rations
 h - a royal jelly
 p - 2 fruits
 t - 3 chunks of flesh


   Skills:
 + Level 4.7 Fighting
 * Level 6.3 Long Blades
 + Level 4.8 Dodging
 - Level 2.6 Stealth


You had 6 spell levels left.
You didn't know any spells.

Dungeon Overview and Level Annotations

Branches:
Dungeon (5/15)             Temple (0/1) D:4

Altars:
Dithmenos
Fedhas
Kikubaaqudgha
Nemelex Xobeh
Trog

Annotations:
D:5 Deemzul's ghost, novice OpMo; Prince Ribbit


Innate Abilities, Weirdness & Mutations

You cannot wear most types of armour.
You are amphibious.
You can wear up to eight rings at the same time.
You can use your tentacles to constrict eight enemies at once.
Your skin changes colour to match your surroundings (Stealth+).
Your rubbery body absorbs attacks. (AC +1, EV +1)


Message History

You closely miss the adder. Your grab misses the adder.
An adder comes into view.
You slash Prince Ribbit! Your grab misses Prince Ribbit.
Prince Ribbit is moderately wounded.
Prince Ribbit barely misses you.
You riposte.
You hit Prince Ribbit. Your grab misses Prince Ribbit.
Your squeeze misses Prince Ribbit.
Prince Ribbit is moderately wounded.
The adder bites you. Prince Ribbit hits you.
There are monsters nearby!
You hit Prince Ribbit but do no damage. You grab Prince Ribbit.
Prince Ribbit is moderately wounded.
You constrict Prince Ribbit. Prince Ribbit hits you!
* * * LOW HITPOINT WARNING * * *
The adder bites you.
* * * LOW HITPOINT WARNING * * *
The adder barely misses you.
You riposte.
You hit the adder but do no damage. You grab the adder. You squeeze the adder.
The adder is heavily wounded.
Prince Ribbit hits you!
You die...

.....#
#..#######....###########
####.##
#.>......................
......#
#...##.###.##.###..).....
#.....#####.##.#...##.#
#....(...
##.##.......##.#.####.#
#........
......##...###...##...#
#........ ##.##.<#.#.#
######.### #........
#.....#.#.# #.S..#.#
######### #..#....#.#
#@F..# ##.....##.# ######
#.###....# #.# ###### #..
###


You could see Prince Ribbit and an adder.

Vanquished Creatures
  A centaur (D:5)
  2 orc priests
  A hound (D:4)
  5 orc wizards
  2 centaur skeletons
  An iguana (D:4)
  A worker ant (D:4)
  Robin (D:4)
  4 adders
  An ooze (D:3)
  An adder skeleton (D:5)
  A dart slug (D:1)
  2 giant geckos (D:1)
  21 orcs
  A ball python (D:4)
  18 goblins
  14 hobgoblins
  5 jackals (D:4)
  A quokka (D:5)
  10 bats
  A giant gecko skeleton (D:4)
  A giant gecko zombie (D:5)
  5 giant newts
  6 kobolds
  8 rats
114 creatures vanquished.

Notes
Turn   | Place    | Note
-------+----------+-------------------------------------------
     0 | D:1      | Deemzul the Octopode Monk began the quest for the Orb.
     0 | D:1      | Reached XP level 1. HP: 16/16 MP: 1/1
    74 | D:1      | Reached XP level 2. HP: 11/21 MP: 2/2
   643 | D:1      | Reached XP level 3. HP: 26/26 MP: 3/3
  1051 | D:2      | Reached skill level 4 in Long Blades
  1051 | D:2      | Reached XP level 4. HP: 26/31 MP: 4/4
  1404 | D:2      | Found a blossoming altar of Fedhas.
  1840 | D:2      | Reached XP level 5. HP: 11/37 MP: 5/5
  2019 | D:3      | Found a sparkling altar of Nemelex Xobeh.
  2544 | D:3      | Reached skill level 5 in Long Blades
  2548 | D:3      | Reached XP level 6. HP: 10/43 MP: 6/6
  2998 | D:4      | Noticed Robin
  3016 | D:4      | Killed Robin
  3265 | D:4      | Found a shadowy altar of Dithmenos.
  3466 | D:4      | Found a staircase to the Ecumenical Temple.
  3659 | D:4      | Reached XP level 7. HP: 32/49 MP: 7/7
  3661 | D:4      | Found a bloodstained altar of Trog.
  4001 | D:5      | Entered Level 5 of the Dungeon
  4042 | D:5      | Noticed Deemzul's ghost (novice OpMo)
  4062 | D:5      | HP: 2/49 [Deemzul's ghost (7)]
  4437 | D:5      | Found an ancient bone altar of Kikubaaqudgha.
  4446 | D:5      | Reached skill level 6 in Long Blades
  4523 | D:5      | Noticed Prince Ribbit
  4527 | D:5      | Slain by Prince Ribbit

Vault maps used:
D:1:      dpeg_arrival_arbitrary_b, kennysheep_decorative_pillar
D:2:      fedhas_altar_4
D:3:      nemelex_xobeh_ov_fountains_minmay
D:4:      bloody_trog, first_bread, nicolae_dithmenos_shadow_blocks, uniq_robin
D:5:      old_standard_altar, uniq_duvessa, uniq_prince_ribbit1

Skill      XL: |  1  2  3  4  5  6  7 |
---------------+----------------------+-----
Long Blades    | 4 5 6 |  6.3
Fighting       | 4 |  4.7
Dodging        | 4 |  4.8
Stealth        | |  2.6

Action                   |  1- 3 |  4- 6 |  7- 9 || total
-------------------------+-------+-------+-------++-------
Melee: Falchion          |    65 |   145 |       ||   210
       Constrict         |    19 |    45 |     9 ||    73
       Tentacles         |    14 |    34 |    11 ||    59
       Long sword        |       |    18 |    41 ||    59
  Use: Potion            |       |     2 |       ||     2
 Stab: Sleeping          |    11 |     4 |     1 ||    16
       Distracted        |       |     2 |       ||     2
  Eat: Chunk             |       |    10 |     2 ||    12
Armor: Skin              |     2 |    10 |       ||    12
Dodge: Dodged            |    28 |    81 |    19 ||   128
